 Dungeon Crawl Stone Soup version 0.26.0-10-g1f06aea511 (webtiles) character file.

Game seed: 17642324588342385758

32 Arum the Sneak (level 3, -1/27 HPs)
             Began as a Formicid Air Elementalist on Jan 22, 2021.
             Slain by an adder (2 damage)
             ... on level 1 of the Dungeon.
             The game lasted 00:02:53 (1744 turns).

Arum the Sneak (Formicid Air Elementalist)          Turns: 1744, Time: 00:02:53

Health: -1/27      AC:  3    Str: 13    XL:     3   Next: 42%
Magic:  1/6        EV:  7    Int: 14    God:
Gold:   83         SH: 10    Dex: 11    Spells: 5/6 levels left

rFire    . . .     SeeInvis +   c - +0 club
rCold    . . .     Faith    .   h - +0 tower shield
rNeg     . . .     Spirit   .   a - +0 robe
rPois    .         Reflect  .   (helmet unavailable)
rElec    .         Harm     .   (no cloak)
rCorr    .         Rampage  .   (no gloves)
Will     .....                  b - +0 pair of boots
Stlth    ++........             (no amulet)
HPRegen  0.09/turn              (no ring)
MPRegen  0.10/turn              (no ring)

@: brilliant, lethally poisoned (-1 -> -3), very slightly contaminated
A: permanent stasis, dig shafts and tunnels, four strong arms, antennae 3
a: Dig, Shaft Self


You were on level 1 of the Dungeon.
You visited 1 branch of the dungeon, and saw 2 of its levels.

You collected 83 gold pieces.

Inventory:

Hand Weapons
 c - a +0 club (weapon)
Armour
 a - a +0 robe (worn)
 b - a +0 pair of boots (worn)
 h - a +0 tower shield (worn)
Scrolls
 e - 2 scrolls of identify {unknown}
 f - a scroll of noise {unknown}
 i - a scroll of teleportation {unknown}


   Skills:
 + Level 2.0 Fighting
 + Level 0.1 Maces & Flails
 - Level 2.0 Armour
 - Level 1.7 Dodging
 - Level 2.4 Stealth
 + Level 0.0 Shields
 - Level 2.1 Spellcasting
 - Level 0.8 Conjurations
 - Level 2.4 Air Magic


You had 5 spell levels left.
You knew the following spells:

 Your Spells              Type           Power        Failure   Level
a - Shock                 Conj/Air       36%          97%         1

Your spell library contained the following spells:

 Spells                   Type           Power        Failure   Level
 Static Discharge         Conj/Air       9%           100%        3
 Airstrike                Air            6%           100%        4
 Lightning Bolt           Conj/Air       4%           100%        5
 Swiftness                Air            Unusable     N/A         2

Dungeon Overview and Level Annotations

Branches:
Dungeon (2/15)

Altars:


Innate Abilities, Weirdness & Mutations

You cannot be hasted, slowed, berserked, paralysed or teleported.
You can dig through walls and to a lower floor.
Your four strong arms can wield two-handed weapons with a shield.
You have a pair of large antennae on your head. (SInv)


Message History

The adder bites you. You block the adder's attack.
You retract your mandibles.
You closely miss the adder. The adder bites you. The adder barely misses you.
You closely miss the adder. The adder bites you.
You are poisoned.
The adder poisons you! The adder bites you.
* * * LOW HITPOINT WARNING * * *
You closely miss the adder.
You feel sick. You block the adder's attack. The adder bites you.
* * * LOW HITPOINT WARNING * * *
You barely miss the adder. You block the adder's attack.
Unknown command.
You hit the adder.
The adder is moderately wounded.
You feel sick. The adder bites you but does no damage. The adder bites you.
* * * LOW HITPOINT WARNING * * *
Your shield prevents you from hitting the adder.
The adder is moderately wounded.
The adder bites you.
You die...

........#.......######......#
.##.##..#.#####.....###...###
..........# #.....# ##.##
.....#..#.# #.....####.####
.....#..#.# #.....##......#
.###.#..#.#####.....##.#....#
................######.#....#
....###.########## #.##...#
###.# #...# #@#####.###..#
#...# #.#.# ##Sl......)..#
♣.♣.# #♣♣.♣ ####l......##.##
.♣♣.# ♣♣♣.♣♣♣♣.......#..##.#
♣♣♣.#♣♣PP.PP♣♣###.##.#..♣♣.♣♣
PP♣.♣♣PP...PP♣♣##.......♣♣.P♣
..♣.♣♣P.....P♣♣...####.#♣♣.P♣
..♣......⌠......#....(..♣P.♣♣
.♣♣#♣♣P.....P♣♣########.♣♣.♣


You could see an adder and 2 frilled lizards.

Vanquished Creatures
  A dart slug (D:1)
  2 leopard geckos (D:1)
  6 bats (D:1)
  2 giant cockroaches (D:1)
  2 goblins (D:1)
  6 hobgoblins (D:1)
  A kobold (D:1)
  5 rats (D:1)
25 creatures vanquished.

Vanquished Creatures (others)
  6 plants (D:1)
6 creatures vanquished.

Grand Total: 31 creatures vanquished

Notes
Turn   | Place    | Note
-------+----------+-------------------------------------------
     0 | D:1      | Arum the Formicid Air Elementalist began the quest for the
                  | Orb.
     0 | D:1      | Reached XP level 1. HP: 13/13 MP: 3/3
   253 | D:1      | Reached skill level 1 in Fighting
   253 | D:1      | Reached skill level 1 in Armour
   253 | D:1      | Reached XP level 2. HP: 12/21 MP: 0/5
   755 | D:1      | Reached XP level 3. HP: 27/27 MP: 0/6
  1743 | D:1      | HP: 1/27 [adder (2)]
  1744 | D:1      | Slain by an adder

Illustrated notes

Levels and vault maps discovered:
D:1:      saegor_arrival_simple_b, layout_loops_cross, serial_forest,
          infiniplex_forest_zigzag_2, infiniplex_forest_fountain,
          infiniplex_forest_clump_curved, infiniplex_forest_clump_double,
          infiniplex_forest_clump_double, infiniplex_forest_zigzag_1,
          infiniplex_forest_clump_C, infiniplex_forest_straight_5,
          infiniplex_forest_straight_3, chequers_serial_rivers_micro_d,
          minmay_bisected
D:2:      layout_rooms, overflow_temple_1_default, minmay_misc_feat_columns,
          uniq_robin

Skill      XL: |  1  2  3 |
---------------+----------+-----
Fighting       | 1 2 |  2.0
Armour         | 1 2 |  2.0
Maces & Flails | |  0.1
Dodging        | |  1.7
Stealth        | |  2.4
Spellcasting   | |  2.1
Conjurations   | |  0.8
Air Magic      | |  2.4

Action                   || total
-------------------------++-------
Melee: Club              ||    82
       Unarmed           ||    13
 Cast: Shock             ||    29
 Abil: Dig               ||     1
  Use: Potion            ||     3
 Stab: Sleeping          ||     1
Armor: Robe              ||    25
Dodge: Dodged            ||    72
Block: Tower shield      ||    25
